Map: [ESL] Radhuset Station

Players

HeroMarine - Winner!

  • Race: Terran Terran
  • Spawn Location: 7:00

Spirit

  • Race: Terran Terran
  • Spawn Location: 1:00

Event: ESL SC2 Masters 2023 Winter (Regional)

VOD

Have the link to the VOD?

Description

Time

  • Played on: Nov. 17, 2023, 9:12 a.m.
  • Length: 13:31

All games in this series

Show
View Real Time Build Order
Export as new Build Order

HeroMarine Terran - Winner!

Build Orders: Reaper Expand 

Get SALT Encoding   

  12  0:00  SCV  
  13  0:12  SCV  
  14  0:17  Supply Depot  
  14  0:24  SCV  
  15  0:38  SCV  
  15  0:39  Barracks  
  16  0:44  Refinery  
  16  0:51  SCV  
  17  1:03  SCV  
  18  1:15  SCV  
  19  1:25  Reaper  
  19  1:27  Orbital Command  
  20  1:43  Command Center  
  20  1:52  SCV  
  21  1:55  Supply Depot  
  21  1:58  Marine  
  22  2:05  SCV  
  23  2:11  Factory  
  23  2:17  SCV  
  23  2:21  Refinery  
  23  2:22  Barracks Reactor  
  24  2:29  SCV  
  25  2:41  SCV  
  26  2:53  SCV  
  26  2:57  Hellion  
  29  2:59  Marine x2  
  29  3:00  Orbital Command, Starport  
  29  3:05  SCV  
  31  3:17  SCV  
  31  3:18  Marine x2  
  31  3:19  Cyclone  
  36  3:26  SCV  
  37  3:29  SCV  
  38  3:35  Supply Depot  
  38  3:36  Medivac  
  38  3:37  Marine x2  
  38  3:39  SCV  
  43  3:41  SCV  
  44  3:51  SCV  
  44  3:52  Factory Tech Lab  
  44  3:53  SCV  
  46  4:03  SCV  
  46  4:05  Command Center  
  46  4:06  SCV  
  48  4:11  Refinery  
  48  4:13  Supply Depot  
  48  4:15  SCV  
  49  4:18  Factory Tech Lab, SCV  
  49  4:19  Raven  
  49  4:20  Marine  
  49  4:22  Marine  
  54  4:30  Interference Matrix  
  54  4:31  Supply Depot  
  54  4:35  SCV x2  
  54  4:39  Siege Tank  
  59  4:47  SCV x2  
  59  4:49  Supply Depot  
  59  4:53  Raven  
  59  4:59  SCV x2  
  63  5:06  Refinery  
  63  5:09  Barracks x2  
  63  5:11  SCV x2  
  65  5:17  Orbital Command  
  65  5:20  Factory Reactor  
  65  5:21  Stimpack  
  65  5:23  SCV x2, Marine  
  68  5:31  Raven, Engineering Bay x2  
  68  5:35  SCV x2  
  72  5:40  Marine  
  71  5:47  SCV x2  
  71  5:49  Orbital Command  
  71  5:52  Barracks  
  71  5:53  Barracks  
  71  5:58  Marine  
  71  5:59  SCV x2  
  71  6:00  Terran Infantry Weapons Level 1, Terran Infantry Armor Level 1  
  71  6:01  Marine x2  
  76  6:11  SCV  
  76  6:12  SCV  
  76  6:13  Barracks Reactor, Siege Tank  
  76  6:15  Medivac  
  76  6:16  Supply Depot  
  76  6:18  Supply Depot, SCV  
  84  6:19  Supply Depot  
  84  6:24  Medivac, SCV x2  
  88  6:28  Marine x3  
  88  6:30  SCV  
  92  6:34  Supply Depot  
  92  6:36  SCV  
  92  6:37  SCV  
  94  6:41  Barracks Reactor x2, Supply Depot  
  94  6:42  SCV, Supply Depot  
  94  6:46  Marine x2  
  96  6:47  Marine  
  96  6:48  SCV  
  96  6:50  SCV  
  96  6:52  Siege Tank  
  100  6:54  SCV  
  100  6:56  Marine x2  
  100  7:00  SCV  
  100  7:01  Combat Shield, Refinery  
  104  7:02  SCV  
  104  7:03  Marine, Refinery  
  104  7:04  Marine  
  104  7:05  Marine  
  104  7:06  SCV  
  104  7:07  Medivac  
  111  7:12  Armory, SCV  
  111  7:13  Marine  
  111  7:14  SCV, Marine  
  115  7:17  Marine  
  115  7:18  Marine  
  115  7:21  Medivac, Marine x2  
  115  7:22  Marine x2  
  120  7:23  Marine  
  122  7:31  Marine x2  
  122  7:32  Supply Depot  
  122  7:35  Marine x2  
  122  7:36  SCV  
  128  7:37  SCV x2  
  128  7:39  Marine x2  
  128  7:40  Marine  
  128  7:42  Medivac  
  128  7:43  Siege Tank  
  128  7:44  Command Center, Marine x2  
  137  7:49  Marine x2  
  141  7:53  Marine  
  141  7:54  Marine  
  141  7:56  Medivac  
  141  7:57  Marine  
  145  8:00  Sensor Tower  
  145  8:02  Marine x2  
  145  8:04  Missile Turret, Marine x2  
  149  8:08  Marine  
  149  8:12  Supply Depot, Marine  
  149  8:14  Medivac, Marine  
  149  8:19  Terran Infantry Weapons Level 2, Terran Infantry Armor Level 2  
  152  8:24  SCV x3  
  152  8:25  Supply Depot, Marine  
  152  8:26  Supply Depot  
  156  8:28  Marine  
  156  8:33  Marine  
  156  8:34  Siege Tank  
  161  8:35  Supply Depot x2  
  161  8:41  Barracks Reactor  
  161  8:43  SCV x2  
  161  8:45  SCV  
  161  8:47  Factory  
  162  8:48  Barracks x2  
  162  8:49  Barracks  
  162  8:51  Marine  
  163  9:02  Marine x4  
  164  9:03  Marine  
  164  9:06  Siege Tank, Marine x2  
  164  9:09  Terran Vehicle Weapons Level 1, Marine  
  171  9:20  Marine x3  
  171  9:21  Marine x2  
  171  9:22  Marine  
  171  9:23  Marine  
  171  9:24  Marine  
  178  9:25  Marine  
  178  9:26  Medivac x2  
  178  9:29  Planetary Fortress  
  178  9:30  Marine  
  185  9:38  Siege Tank, Marine x2  
  193  9:39  Barracks Reactor x2  
  193  9:40  Barracks Reactor  
  185  9:53  Siege Tank  
  185  9:54  Marine x2  
  185  9:59  Marine  
  190  10:00  Marine  
  190  10:05  Marine x2  
  192  10:09  Viking x2  
  192  10:10  Siege Tank  
  192  10:12  Command Center, Marine  
  200  10:14  Command Center  
  194  10:23  Marine x2  
  194  10:28  Marine x2  
  183  10:35  Siege Tank  
  183  10:36  Marine  
  183  10:37  Marine x10  
  183  10:38  Marine  
  183  10:41  Terran Infantry Weapons Level 3, Terran Infantry Armor Level 3, Marine x2  
  192  10:46  Marine x2  
  192  10:49  Medivac  
  186  10:50  Medivac  
  186  10:54  Marine x11  
  186  10:55  Marine  
  200  10:58  Marine  
  199  11:15  Terran Vehicle Weapons Level 2  
  199  11:18  Command Center  
  198  11:19  Marine x2  
  198  11:24  Viking x2  
  197  11:26  Orbital Command  
  157  11:42  Marine x4  
  157  11:44  Marine  
  157  11:45  Marine x10  
  166  11:47  Siege Tank x2  
  166  11:49  Marine  
  171  11:58  Planetary Fortress  
  171  11:59  Marine x2  
  171  12:00  Marine x2  
  175  12:02  Marine x3  
  175  12:06  Marine x2  
  175  12:08  Marine, Refinery  
  175  12:10  Marine, Refinery  
  175  12:11  Marine x4  
  175  12:12  Marine, Medivac x2  
  182  12:17  Marine x3  
  182  12:19  Siege Tank, Marine  
  182  12:20  Marine x2  
  191  12:26  Siege Tank  
  191  12:27  Starport  
  191  12:29  Marine x2  
  195  12:30  Starport  
  195  12:32  Marine x5  
  195  12:35  Orbital Command  
  200  12:41  Marine x3  
  182  12:44  Marine x2  
  182  12:45  Marine  
  182  12:47  Marine x2  
  183  12:51  Siege Tank  
  183  12:53  Marine x2  
  183  12:54  Marine  
  179  13:03  Marine x2  
  179  13:05  Marine x3  
  177  13:08  Starport Tech Lab  
  177  13:09  Starport Tech Lab, Marine x8  
  177  13:11  Marine x3  
Show
View Real Time Build Order
Export as new Build Order

Spirit Terran 

Build Orders:  

Get SALT Encoding   

  12  0:00  SCV  
  13  0:12  SCV  
  14  0:17  Supply Depot  
  14  0:24  SCV  
  15  0:38  SCV  
  15  0:40  Barracks  
  16  0:44  Refinery  
  16  0:50  SCV  
  17  1:03  SCV  
  18  1:15  SCV  
  19  1:26  Marine  
  19  1:27  Orbital Command  
  20  1:40  Command Center  
  20  1:44  Reaper  
  21  1:51  Supply Depot  
  21  1:55  SCV  
  22  2:07  SCV  
  23  2:09  Factory  
  23  2:19  SCV  
  23  2:21  Barracks Reactor  
  24  2:25  Refinery  
  24  2:31  SCV  
  25  2:43  SCV  
  26  2:54  Command Center  
  26  2:55  SCV  
  26  2:58  Orbital Command  
  27  3:07  SCV  
  28  3:12  Starport  
  28  3:18  Hellion  
  32  3:20  Hellion  
  32  3:22  SCV  
  32  3:24  Barracks Tech Lab  
  33  3:28  SCV  
  33  3:32  Refinery  
  33  3:34  SCV  
  35  3:40  SCV  
  35  3:41  Cyclone  
  38  3:45  Cyclone  
  40  3:48  SCV  
  40  3:52  SCV  
  40  3:53  Marine  
  43  3:56  Raven  
  43  4:00  Interference Matrix  
  43  4:01  SCV  
  46  4:05  SCV  
  46  4:09  Orbital Command  
  47  4:10  Supply Depot  
  47  4:13  SCV  
  47  4:16  Cyclone  
  50  4:20  Cyclone  
  50  4:23  SCV  
  53  4:25  SCV  
  54  4:32  Barracks Tech Lab  
  54  4:35  SCV  
  54  4:36  Supply Depot  
  54  4:37  SCV  
  55  4:39  Raven, SCV  
  58  4:47  SCV  
  58  4:49  SCV  
  58  4:51  SCV  
  61  4:53  Refinery  
  61  4:54  Supply Depot  
  61  4:59  SCV, Marine x2  
  63  5:01  SCV  
  63  5:02  Siege Tank  
  63  5:04  SCV  
  69  5:10  Barracks  
  69  5:11  Barracks  
  69  5:12  SCV  
  69  5:13  SCV  
  72  5:23  Stimpack, Engineering Bay x2  
  72  5:24  SCV  
  72  5:26  Marine  
  72  5:27  SCV  
  74  5:32  Viking  
  75  5:35  Viking  
  75  5:37  SCV  
  75  5:39  SCV  
  79  5:46  Siege Tank  
  79  5:47  Marine  
  79  5:49  Orbital Command, SCV  
  84  5:51  Supply Depot x2  
  84  5:52  Terran Infantry Weapons Level 1  
  84  5:55  Terran Infantry Armor Level 1  
  84  5:56  SCV  
  85  6:05  Barracks Reactor  
  85  6:13  Marine, SCV x2  
  85  6:15  Supply Depot  
  85  6:16  SCV  
  85  6:17  Starport Reactor  
  89  6:19  Marine x2  
  89  6:25  SCV x2  
  93  6:28  SCV  
  93  6:31  Siege Tank, Marine  
  97  6:36  Marine  
  97  6:37  Supply Depot, SCV x2, Marine  
  97  6:38  Supply Depot  
  101  6:43  Barracks  
  101  6:45  Barracks, Supply Depot  
  101  6:53  Marine  
  101  6:58  SCV x3, Marine x4  
  101  7:01  Medivac  
  110  7:02  Armory  
  110  7:03  Combat Shield, Siege Tank  
  110  7:04  Medivac  
  110  7:05  Supply Depot  
  110  7:07  Supply Depot  
  115  7:10  Marine, SCV x2  
  115  7:14  SCV  
  119  7:16  Marine x4  
  119  7:18  Refinery  
  119  7:19  Refinery  
  121  7:29  Supply Depot  
  122  7:32  Barracks Reactor x2, Supply Depot  
  122  7:33  Marine x3  
  122  7:35  Siege Tank  
  127  7:37  Marine  
  127  7:39  Sensor Tower, Medivac  
  127  7:43  Marine  
  131  7:44  Command Center  
  131  7:47  SCV x2  
  131  7:51  Marine x2, Supply Depot  
  133  7:52  SCV, Marine  
  133  7:54  Missile Turret  
  133  7:55  Supply Depot, Marine  
  138  7:59  Terran Infantry Weapons Level 2  
  138  8:01  Marine  
  138  8:02  Terran Infantry Armor Level 2  
  139  8:09  Marine x3  
  139  8:10  Marine  
  143  8:13  Siege Tank, SCV, Marine x3  
  143  8:14  Marine  
  143  8:18  Marine  
  152  8:23  SCV  
  152  8:26  Terran Vehicle Weapons Level 1, Marine  
  154  8:27  Marine x3  
  154  8:29  Supply Depot  
  154  8:30  Supply Depot  
  154  8:31  Medivac x2, Marine  
  154  8:32  SCV, Marine  
  162  8:35  Marine  
  162  8:36  SCV  
  164  8:41  Marine  
  164  8:42  SCV  
  164  8:45  Siege Tank  
  164  8:46  Marine x2  
  164  8:47  Marine x3  
  172  8:48  Marine  
  171  8:57  Planetary Fortress, Marine  
  171  9:00  SCV  
  171  9:01  Factory  
  171  9:02  Supply Depot  
  169  9:03  SCV  
  169  9:04  SCV  
  169  9:05  Sensor Tower  
  169  9:08  Marine  
  171  9:10  Missile Turret x3, Marine  
  171  9:11  Marine  
  171  9:12  SCV, Marine  
  171  9:16  Viking  
  177  9:18  Marine x3  
  177  9:20  Marine  
  177  9:21  Marine  
  177  9:23  SCV  
  183  9:27  Viking  
  183  9:30  Siege Tank, Marine  
  189  9:33  Refinery  
  189  9:35  Marine  
  190  9:39  Marine  
  190  9:41  Marine  
  190  9:42  Marine x2  
  190  9:43  Marine  
  190  9:44  Marine  
  190  9:45  Marine  
  197  9:52  Marine  
  198  9:54  Marine  
  199  10:01  Command Center, Marine  
  199  10:05  Factory Tech Lab  
  199  10:12  Marine  
  200  10:21  Marine x2  
  199  10:23  Marine  
  199  10:26  Marine  
  199  10:27  Marine  
  183  10:29  Marine  
  183  10:30  Siege Tank, Marine x2  
  183  10:33  Terran Infantry Armor Level 3, Terran Infantry Weapons Level 3  
  183  10:35  Marine  
  184  10:38  Marine  
  184  10:39  Marine  
  184  10:40  Siege Tank  
  184  10:41  SCV, Marine  
  172  10:44  SCV, Marine x2  
  172  10:47  Marine x2, SCV x2  
  172  10:48  Marine  
  172  10:49  Command Center  
  179  10:52  Command Center, Marine  
  179  10:53  SCV  
  179  10:56  Marine, SCV  
  180  10:57  Marine  
  180  10:58  Barracks  
  180  10:59  Marine  
  180  11:00  SCV  
  180  11:01  Marine  
  180  11:02  Siege Tank, Marine  
  175  11:05  Marine x2  
  175  11:06  Marine  
  175  11:08  SCV  
  175  11:10  Marine, Medivac  
  182  11:12  Siege Tank  
  182  11:13  SCV  
  182  11:14  Marine  
  182  11:15  Marine  
  182  11:16  Marine  
  189  11:19  Marine  
  189  11:20  Marine  
  189  11:23  Marine x2  
  189  11:24  Marine  
  194  11:28  Marine  
  194  11:32  Marine  
  192  11:33  Marine  
  192  11:34  Siege Tank, Marine  
  192  11:37  Marine  
  192  11:38  Marine  
  132  11:41  Marine x3  
  132  11:44  Siege Tank  
  132  11:46  Marine  
  115  11:50  Marine x2  
  115  11:52  Marine  
  117  11:55  Marine x2  
  117  11:56  Command Center, Marine  
  117  11:58  Marine  
  117  11:59  Marine x2  
  125  12:04  Marine  
  125  12:06  Siege Tank  
  125  12:07  Marine  
  125  12:08  Marine, SCV x3  
  128  12:10  Marine  
  128  12:13  Marine x2  
  128  12:14  Marine  
  130  12:16  Siege Tank, Marine x2  
  130  12:17  Marine  
  130  12:18  Medivac  
  130  12:19  Medivac  
  130  12:22  Marine  
  139  12:25  Marine  
  139  12:26  Marine  
  139  12:28  Marine  
  128  12:31  Marine x3  
  128  12:34  Marine x2  
  128  12:35  Marine  
  133  12:39  Siege Tank, Marine  
  133  12:43  Marine  
  109  12:44  Marine  
  109  12:45  Marine  
  109  12:48  Siege Tank, Marine x2  
  109  12:49  Marine  
  110  12:52  Marine x2  
  110  12:53  Marine  
  110  12:56  Medivac x2  
  110  12:57  Marine  
  118  13:01  Marine  
  118  13:02  Marine  
  118  13:03  Marine  
  119  13:06  Marine x2  
  119  13:07  Marine  
  119  13:10  Marine x3  
Tags
 
Add a new tag
Caveats
  • Supply blocks, unpowered buildings, or Contaminate may cause inaccurate times.
  • Supply counts are checked every 10 seconds.